 Dungeon Crawl Stone Soup version bcrawl-1.41 (webtiles) character file.

Game seed: 1288530617759725147

192186 Galewind the Covered (level 6, -2/56 HPs)
             Began as a Minotaur Fighter on Mar 30, 2024.
             Slain by a black bear (3 damage)
             ... on level 3 of the Dungeon on Apr 5, 2024.
             The game lasted 00:03:44 (3639 turns).

Galewind the Covered (Minotaur Fighter)             Turns: 3639, Time: 00:03:45

Health: -2/56      AC:  7    Str: 21    XL:     6   Next: 92%
Magic:  5/5        EV: 11    Int:  5    God:
Gold:   256        SH: 10    Dex: 16    Spells: 5/5 levels left

rFire    . . .     GDR:     32% a - +0 flail
rCold    . . .     SeeInvis +   c - +0 medium shield
rNeg     . . .     Gourm    .   b - +0 scale mail
rPois    .         Faith    .   (helmet restricted)
rElec    .         Spirit   .   (no cloak)
rCorr    .         Reflect  .   (no gloves)
MR       .....                  (no boots)
Stlth    +.........             (no amulet)
HPRegen  0.19/turn              f - ring of see invisible
MPRegen  0.09/turn              (no ring)

@: agile
A: retaliatory headbutt, horns 2
a: no special abilities


You were on level 3 of the Dungeon.
You were hungry.

You visited 1 branch of the dungeon, and saw 4 of its levels.

You collected 256 gold pieces.

Inventory:

Hand Weapons
 a - a +0 flail (weapon)
Armour
 b - a +0 scale mail (worn)
 c - a +0 medium shield (worn)
Jewellery
 f - a ring of see invisible (left hand)
 o - an uncursed ring of protection from fire {unknown}
Wands
 j - a wand of clouds (6)
Scrolls
 g - a scroll of remove curse
 h - a scroll of immolation {unknown}
 k - a scroll of enchant armour {unknown}
 m - 2 scrolls of teleportation {unknown}
 n - a scroll of revelation {unknown}
 p - a scroll of blinking {unknown}
Potions
 d - 2 potions of might
Comestibles
 e - 8 rations {!d}


   Skills:
 + Level 5.0 Fighting
 + Level 5.6 Maces & Flails
 + Level 5.8 Armour
 + Level 5.4 Shields


You had 5 spell levels left.
You didn't know any spells.
Your spell library was empty.

Dungeon Overview and Level Annotations

Branches:
Dungeon (4/12)
 Temple: D:4-7

Altars:
Qazlal

Annotations:
D:4 Pikel, Sigmund


Innate Abilities, Weirdness & Mutations

You reflexively headbutt those who attack you in melee.
You have a pair of horns on your head.


Message History

You hit the black bear.
The black bear is almost dead.
You block the black bear's attack.
The black bear claws you but does no damage.
The black bear closely misses you. The black bear bites you.
* * * LOW HITPOINT WARNING * * *
The black bear claws you but does no damage.
The black bear claws you.
* * * LOW HITPOINT WARNING * * *
It was a potion of agility.
You feel agile all of a sudden.
You block the black bear's attack. x2; The black bear misses you.
Unknown command.
You barely miss the black bear.
The black bear is almost dead.
The black bear bites you but does no damage.
The black bear barely misses you.
The black bear claws you but does no damage.
The black bear bites you.
You die...

#.#.#.#.....########.#
#.#.#.#..............#
#.#.#.#...>.##########
#.#.#.#.....#
#######.#.#.#.....#
........#.#.#.....#############
#########.#.#...p.##..........#
.....####.#.####h###.########.#
.........[..# #@# #.# #...#
####.######.# #.###.# #.#.#
.....# #.# #.....# ####'####
###### #.# ####### #....§..#
#.# #..÷≈.§.# #.# #§.§.≈§.#
#.############.≈.≈.§.#
#............#..≈.≈..#
##############...≈...#


You could see a black bear (berserk) and a slave.

Vanquished Creatures
  A scorpion (D:3)
  A water moccasin skeleton (D:3)
  2 orc priests (D:3)
  A crimson imp (D:3)
  A bullfrog zombie (D:4)
  A hound (D:3)
  2 orc wizards (D:3)
  4 adders
  2 gnolls
  An ooze (D:3)
  2 worms
  3 dart slugs
  3 leopard geckos
  11 orcs (D:3)
  2 ball pythons (D:2)
  4 giant cockroaches
  6 goblins
  7 hobgoblins
  2 jackals (D:1)
  12 kobolds
  A quokka (D:2)
  8 bats
  3 frilled lizards
  8 rats
88 creatures vanquished.

Notes
Turn   | Place    | Note
-------+----------+-------------------------------------------
     0 | D:1      | Galewind the Minotaur Fighter began the quest for the Orb.
     0 | D:1      | Reached XP level 1. HP: 19/19 MP: 0/0
   121 | D:1      | Reached XP level 2. HP: 15/27 MP: 1/1
   367 | D:1      | Reached XP level 3. HP: 33/33 MP: 2/2
  1228 | D:2      | Reached XP level 4. HP: 35/40 MP: 3/3
  1478 | D:2      | Found a stormy altar of Qazlal.
  1812 | D:3      | Reached XP level 5. HP: 41/47 MP: 4/4
  2226 | D:3      | Reached skill level 5 in Armour
  3126 | D:3      | Reached skill level 5 in Shields
  3126 | D:3      | Reached XP level 6. HP: 47/55 MP: 5/5
  3150 | D:3      | Reached skill level 5 in Maces & Flails
  3267 | D:4      | Reached skill level 5 in Fighting
  3330 | D:4      | Noticed Sigmund
  3617 | D:4      | Noticed a slave
  3619 | D:4      | Noticed Pikel
  3621 | D:4      | Noticed a slave
  3637 | D:3      | HP: 1/56 [black bear (4)]
  3639 | D:3      | Slain by a black bear

Skill      XL: |  1  2  3  4  5  6 |
---------------+-------------------+-----
Armour         | 4 5 |  5.8
Shields        | 4 5 |  5.4
Fighting       | 4 5 |  5.0
Maces & Flails | 3 4 5 |  5.6

Action                   |  1- 3 |  4- 6 || total
-------------------------+-------+-------++-------
Melee: Flail             |    83 |   147 ||   230
       Headbutt          |    11 |    20 ||    31
  Use: Potion            |       |     4 ||     4
       Scroll            |       |     3 ||     3
  Eat: Chunk             |     4 |    11 ||    15
Armor: Scale mail        |    23 |    71 ||    94
       Ring mail         |    14 |     5 ||    19
Dodge: Dodged            |    19 |    29 ||    48
Block: Medium shield     |    46 |   102 ||   148
